 Dungeon Crawl Stone Soup version 0.30-b1-2-g02819fbbbe (webtiles) character file.

Game seed: 345318331889724982

2 Alarkh the Grasshopper (level 1, 0/16 HPs)
             Began as a Demonspawn Warper on May 23, 2023.
             Slain by a jackal (3 damage)
             ... on level 1 of the Dungeon.
             The game lasted 00:00:05 (49 turns).

Alarkh the Grasshopper (Demonspawn Warper)            Turns: 49, Time: 00:00:05

Health: 0/16       AC:  3    Str: 11    XL:     1   Next: 33%
Magic:  3/3        EV: 11    Int: 14    God:
Gold:   6          SH:  0    Dex: 12    Spells: 4/4 levels left

rFire   . . .        a - +0 falchion
rCold   . . .        (no shield)
rNeg    . . .        b - +0 leather armour
rPois   .            (no helmet)
rElec   .            (no cloak)
rCorr   .            (no gloves)
SInv    .            (no boots)
Will    .....        (no amulet)
Stlth   +            (no ring)
HPRegen 0.22/turn    (no ring)
MPRegen 0.08/turn

%: no passive effects
@: no status effects
A: no striking features
a: no special abilities


You were on level 1 of the Dungeon.
You visited 1 branch of the dungeon, and saw 1 of its levels.

You collected 6 gold pieces.

Inventory:

Hand Weapons
 a - a +0 falchion (weapon)
Missiles
 d - 7 boomerangs of dispersal (quivered)
Armour
 b - a +0 leather armour (worn)
Scrolls
 c - a scroll of blinking


   Skills:
 - Level 2.0 Fighting
 + Level 2.0 Long Blades
 - Level 0.8 Throwing
 - Level 0.8 Armour
 - Level 1.7 Dodging
 - Level 2.0 Spellcasting
 - Level 2.6 Translocations


You had 4 spell levels left.
You didn't know any spells.
Your spell library contained the following spells:

 Spells                   Type           Power      Damage    Failure   Level
 Blink                    Tloc           16%        N/A       16%         2
 Lesser Beckoning         Tloc           16%        N/A       16%         2
 Teleport Other           Tloc           8%         N/A       30%         3
 Vhi's Electric Charge    Tloc/Air       10%        N/A       47%         3
 Manifold Assault         Tloc           8%         N/A       71%         4


Dungeon Overview and Level Annotations

Branches:
Dungeon (1/15)

Altars:


Message History

There is an open door here.
A jackal is nearby!
A jackal and a giant cockroach come into view.
A jackal and a bat come into view.
Found a stone staircase leading down.
The jackal barks!
You hear a bark!
The jackal barks!
A jackal comes into view.
The jackal moves out of view.
You closely miss the jackal. The jackal barely misses you.
The jackal misses you. The jackal completely misses you.
You barely miss the jackal.
The jackal bites you but does no damage.
The jackal barely misses you.
The jackal bites you but does no damage.
The jackal barely misses you.
You hit the jackal.
You kill the jackal!
The bat hits you but does no damage.
Your Long Blades skill increases to level 2!
You hit the jackal.
The jackal is moderately wounded.
The bat hits you but does no damage. The jackal misses you.
The bat hits you but does no damage. The jackal bites you.
The jackal closely misses you.
You hit the jackal.
The jackal is severely wounded.
The bat barely misses you. The bat hits you but does no damage.
The jackal misses you. The jackal closely misses you. x2
You closely miss the jackal.
The jackal is severely wounded.
The jackal bites you. The jackal barely misses you. The jackal bites you. x2
You barely miss the jackal.
The jackal is severely wounded.
The jackal bites you. x3
The jackal bites you but does no damage.
The jackal bites you.
* * * LOW HITPOINT WARNING * * *
The jackal closely misses you. The jackal bites you.
You die...

#.....# #.....#
##########...## ####
##...#'.#.'###+# +#...
#...).#....##..# #....
#.....#.##..⌠.### #..<.
#.....#####.....###....
##...#'# #####.#.'#.(.
#####@# #...##### #hh#
##>...... ......bh##
######## .......B#
......### ...... ......
..... >....


You could see 3 jackals, a giant cockroach and a bat.

Vanquished Creatures
  A giant cockroach (D:1)
  A jackal (D:1)
2 creatures vanquished.

Notes
Turn   | Place    | Note
-------+----------+-------------------------------------------
     0 | D:1      | Alarkh the Demonspawn Warper began the quest for the Orb.
     0 | D:1      | Reached XP level 1. HP: 16/16 MP: 3/3
    49 | D:1      | Slain by a jackal

Illustrated notes

Levels and vault maps discovered:
D:1:      noname_arrival_rooms_in_the_neighbourhood, layout_rooms,
          serial_curves, eino_curves_02, eino_curves_01, eino_curves_01,
          eino_curves_01

Skill      XL: |  1 |
---------------+----+-----
Long Blades    | 2 |  2.0
Fighting       | |  2.0
Throwing       | |  0.8
Armour         | |  0.8
Dodging        | |  1.7
Spellcasting   | |  2.0
Translocations | |  2.6

Action                     || total
---------------------------++-------
  Melee: Falchion          ||     8
 Armour: Leather armour    ||     7
  Dodge: Dodged            ||    14
